 Dungeon Crawl Stone Soup version 0.29.1-12-g30fa7ad0bf (webtiles) character file.

Game seed: 9612512055639618751

41 wormed the Grasshopper (level 3, -4/30 (31) HPs)
             Began as a Gnoll Warper on Dec 21, 2022.
             Slain by Terence
             ... wielding a +0 flail
              (5 damage)
             ... on level 2 of the Dungeon.
             The game lasted 00:04:24 (1697 turns).

wormed the Grasshopper (Gnoll Warper)               Turns: 1697, Time: 00:04:25

HP:   -4/30 (31)    AC:  4    Str: 12    XL:     3   Next: 52%
MP:   9/9           EV: 12    Int: 12    God:
Gold: 70            SH:  0    Dex: 11    Spells: 10/12 levels left

rFire   . . .      SeeInvis .   e - +0 whip
rCold   . . .      Faith    .   (no shield)
rNeg    . . .      Spirit   .   b - +1 leather armour
rPois   .          Reflect  .   (no helmet)
rElec   .          Harm     .   (no cloak)
rCorr   .          Rampage  .   (no gloves)
Will    .....                   (no boots)
Stlth   +.........              (no amulet)
HPRegen 0.10/turn               (no ring)
MPRegen 0.11/turn               (no ring)

@: brilliant, about to teleport, lightly drained
A: fangs 1, strong nose, distributed training
a: no special abilities


You were on level 2 of the Dungeon.
You visited 1 branch of the dungeon, and saw 2 of its levels.

You collected 70 gold pieces.

Inventory:

Hand Weapons
 a - a +0 mace
 e - a +0 whip (weapon)
Armour
 b - a +1 leather armour (worn)
Potions
 f - a potion of brilliance
 g - a potion of heal wounds {unknown}
 i - a potion of resistance {unknown}
 j - a potion of berserk rage {unknown}
 m - a potion of curing {unknown}


   Skills:
 + Level 4.5 Fighting
 + Level 0.9 Short Blades
 + Level 0.9 Long Blades
 + Level 0.9 Axes
 + Level 4.5 Maces & Flails
 + Level 0.9 Polearms
 + Level 0.9 Staves
 + Level 0.9 Ranged Weapons
 + Level 2.6 Throwing
 + Level 2.6 Armour
 + Level 4.5 Dodging
 + Level 0.9 Stealth
 + Level 0.9 Shields
 + Level 0.9 Unarmed Combat
 + Level 5.0 Spellcasting
 + Level 0.6 Conjurations
 + Level 0.6 Hexes
 + Level 0.6 Summonings
 + Level 0.6 Necromancy
 + Level 5.4 Translocations
 + Level 0.6 Transmutations
 + Level 0.6 Fire Magic
 + Level 0.6 Ice Magic
 + Level 0.6 Air Magic
 + Level 0.6 Earth Magic
 + Level 0.6 Poison Magic
 + Level 1.0 Invocations
 + Level 0.9 Evocations


You had 10 spell levels left.
You knew the following spells:

 Your Spells              Type           Power      Damage    Failure   Level
a - Blink                 Tloc           48%        N/A       4%          2

Your spell library contained the following spells:

 Spells                   Type           Power      Damage    Failure   Level
 Gell's Gravitas          Tloc           24%        N/A       9%          3
 Lesser Beckoning         Tloc           24%        N/A       9%          3
 Teleport Other           Tloc           24%        N/A       9%          3
 Ozocubu's Armour         Ice            6%         N/A       52%         3
 Manifold Assault         Tloc           24%        N/A       58%         5
 Metabolic Englaciation   Hex/Ice        3%         N/A       99%         5
 Simulacrum               Ice/Necr       3%         N/A       100%        6


Dungeon Overview and Level Annotations

Branches:
Dungeon (2/15)

Altars:

Annotations:
D:2 Terence


Innate Abilities, Weirdness & Mutations

You have very sharp teeth.
Your uncanny sense of smell can sniff out nearby items.
Your experience applies equally to all skills.


Message History

Terence is moderately wounded.
You hit Terence but do no damage. Your bite misses Terence.
Terence is moderately wounded.
Terence closely misses you.
You hit Terence but do no damage.
Terence is moderately wounded.
Terence hits you with a +0 flail.
You closely miss Terence. You bite Terence, but do no damage.
Terence is moderately wounded.
Terence hits you but does no damage.
You hit Terence but do no damage. You bite Terence, but do no damage.
Terence is moderately wounded.
Terence hits you with a +0 flail!
* * * LOW HITPOINT WARNING * * *
You hit Terence but do no damage.
Terence is moderately wounded.
Terence misses you.
You hit Terence.
Terence is heavily wounded.
Terence misses you.
You closely miss Terence.
Terence is heavily wounded.
Terence closely misses you.
You completely miss Terence. Your punch misses Terence.
Terence is heavily wounded.
You hit Terence but do no damage.
Terence is heavily wounded.
Terence hits you with a +0 flail!
* * * LOW HITPOINT WARNING * * *
As you read the scroll labelled HOTWIE EFUGAI, it crumbles to dust.
The creatures around you are filled with an inner flame!
It was a scroll of immolation.
Terence barely misses you.
As you read the scroll labelled PATUTA VAEME, it crumbles to dust.
It is a scroll of enchant armour.
Your +0 leather armour glows green for a moment.
Terence closely misses you.
As you read the scroll labelled JUUDEEZAHE, it crumbles to dust.
You feel strangely unstable.
It was a scroll of teleportation.
Terence hits you with a +0 flail.
You die...

#.##.###.# ##...##
#.##.###.# ##.....##
#.##.##..# ##.......#
#........####.........#
####........'.........+
#.....####.........#
###..## ##.......##
#@## #.......# #@#
#.#...#.# #.# #.##+#...
#.# .# # #.# .# #.# ...
#.# #..


You could see Terence (inner flame).

Vanquished Creatures
  A worm (D:2)
  5 bats
  3 endoplasms
  A giant cockroach (D:1)
  3 goblins (D:1)
  6 hobgoblins
  3 jackals (D:1)
  2 kobolds (D:2)
  A quokka (D:2)
  A ball python (D:2)
  2 frilled lizards (D:1)
  5 rats
33 creatures vanquished.

Notes
Turn   | Place    | Note
-------+----------+-------------------------------------------
     0 | D:1      | wormed the Gnoll Warper began the quest for the Orb.
     0 | D:1      | Reached XP level 1. HP: 20/20 MP: 6/6
    81 | D:1      | Reached XP level 2. HP: 16/26 MP: 7/7
   102 | D:1      | Learned a level 2 spell: Blink
   863 | D:1      | Reached skill level 5 in Spellcasting
   863 | D:1      | Reached XP level 3. HP: 29/31 MP: 7/9
  1228 | D:2      | Reached skill level 1 in Invocations
  1583 | D:2      | Noticed Terence
  1694 | D:2      | HP: 1/30 [Terence/+0 flail (9)]
  1697 | D:2      | Slain by Terence

Illustrated notes

Levels and vault maps discovered:
D:1:      wander_arrival_chamber, layout_basic
D:2:      layout_loops_corners, hellmonk_ecumenical_altar_arch_garden,
          chequers_serial_rivers_small_b, hex_medium, uniq_terence

Skill      XL: |  1  2  3 |
---------------+----------+-----
Spellcasting   | 5 |  5.0
Invocations    | 1 |  1.0
Fighting       | |  4.5
Short Blades   | |  0.9
Long Blades    | |  0.9
Axes           | |  0.9
Maces & Flails | |  4.5
Polearms       | |  0.9
Staves         | |  0.9
Ranged Weapons | |  0.9
Throwing       | |  2.6
Armour         | |  2.6
Dodging        | |  4.5
Stealth        | |  0.9
Shields        | |  0.9
Unarmed Combat | |  0.9
Conjurations   | |  0.6
Hexes          | |  0.6
Summonings     | |  0.6
Necromancy     | |  0.6
Translocations | |  5.4
Transmutations | |  0.6
Fire Magic     | |  0.6
Ice Magic      | |  0.6
Air Magic      | |  0.6
Earth Magic    | |  0.6
Poison Magic   | |  0.6
Evocations     | |  0.9

Action                   || total
-------------------------++-------
Melee: Whip              ||   172
       Mace              ||     4
       Bite              ||    16
       Punch             ||     2
Throw: Boomerang         ||     7
 Cast: Blink             ||     1
  Use: Scroll            ||     4
       Potion            ||     1
 Stab: Sleeping          ||     1
Armor: Leather armour    ||    44
Dodge: Dodged            ||   113
